 Dungeon Crawl Stone Soup version 0.30-a0-509-gd016549fea (webtiles) character file.

Game seed: 7045377203920608500

2087152 hikkokomori the Ruinous (level 27, 189/231 HPs)
             Began as a Demonspawn Conjurer on Dec 19, 2022.
             Was the Champion of Vehumet.
             Escaped with the Orb
             ... and 4 runes on Dec 23, 2022!
             The game lasted 07:57:10 (89754 turns).

hikkokomori the Ruinous (Demonspawn Conjurer)      Turns: 89754, Time: 07:57:11

Health: 189/231    AC: 26    Str: 16    XL:     27
Magic:  14/55      EV: 35    Int: 32    God:    Vehumet [******]
Gold:   7658       SH: 29    Dex: 28    Spells: 5/65 levels left

rFire   + + +      SeeInvis +    S - +10 scimitar "Grum" {speed, Str+2 Dex+7}
rCold   + + +      Faith    .    a - +5 kite shield {AC+3}
rNeg    + . .      Spirit   +    M - +2 robe {rC+ rF+}
rPois   +          Reflect  +    (helmet unavailable)
rElec   .          Harm     .    K - +1 cloak of Starlight {*Dazzle EV+4 Stlth--}
rCorr   +          Rampage  +    T - +0 pair of gloves of Bitterness {rF+ rC+++ rN+ Str-2}
Will    ++++.                    w - +2 pair of boots {rampage}
Stlth   ++........               v - amulet of the Turtle {Reflect Int+2 Dex+4 SH+5}
HPRegen 0.58/turn                D - ring "Vosoc" {rPois MP+9 Int+3 Dex+3}
MPRegen 0.68/turn                Y - ring of Nemicao {Fly rF++ Will+ rCorr EV+4 Slay-3}

@: flying, studying 7 skills
A: antennae 3, rugged brown scales 3, hurl damnation, icemail 2, torment
resistance 1, magic shield, magic regeneration, magic link, condensation shield,
demonic willpower, claws 1, hooves 1, deterioration 1, strong 2
0: Orb of Zot
}: 4/15 runes: decaying, serpentine, slimy, silver
a: Hurl Damnation, Renounce Religion


You escaped.
You worshipped Vehumet.
Vehumet was exalted by your worship.
You visited 13 branches of the dungeon, and saw 55 of its levels.
You visited the Abyss 1 time.
You visited 1 ziggurat, and saw 20 of its levels.
You also visited: Bailey, Gauntlet, Ice Cave, Wizlab and Desolation.

You collected 12440 gold pieces.
You spent 4782 gold pieces at shops.

Inventory:

Hand Weapons
 i - a +9 rapier of venom
 H - the +5 sword of Power {vorpal}
   (You found it on level 10 of a ziggurat)

   It inflicts extra damage upon your enemies.
   It occasionally discharges a powerful but inaccurate bolt of energy upon
   striking a foe, with increased chance the greater the wielder's current
   health.
 S - the +10 scimitar "Grum" (weapon) {speed, Str+2 Dex+7}
   (You found it on level 10 of a ziggurat)

   Attacks with this weapon are significantly faster.
   Str:       It affects your strength (+2).
   Dex:       It affects your dexterity (+7).
Armour
 a - a +5 kite shield of protection (worn)
 k - the +8 scale mail "Tutsopib" {Rampage rF+ Will- SInv}
   (You found it on level 2 of the Vaults)

   rF:        It protects you from fire.
   SInv:      It lets you see invisible.
   Rampage:   It bestows one free step when moving towards enemies.
   Will:      It decreases your willpower.
 w - a +2 pair of boots of rampaging (worn)
 G - the +0 cloak "Zeblos" {rPois rCorr Int+4}
   (You found it on level 5 of the Vaults)

   Int:       It affects your intelligence (+4).
   rPois:     It protects you from poison.
   rCorr:     It protects you from acid and corrosion.
 K - the +1 cloak of Starlight (worn) {*Dazzle EV+4 Stlth--}
   (You found it in the Desolation of Salt)

   It may blind those who miss an attack against the wearer in melee combat.
   EV:        It affects your evasion (+4).
   Stlth:     It makes you much less stealthy.
 M - a +2 robe of resistance (worn)
 T - the +0 pair of gloves of Bitterness (worn) {rF+ rC+++ rN+ Str-2}
   (You took it off Nikola on level 1 of the Swamp)

   Str:       It affects your strength (-2).
   rF:        It protects you from fire.
   rC:        It renders you almost immune to cold.
   rN:        It protects you from negative energy.
Magical Staves
 e - a staff of conjuration
 F - a staff of earth
Jewellery
 v - the amulet of the Turtle (around neck) {Reflect Int+2 Dex+4 SH+5}
   (You found it on level 11 of a ziggurat)

   [amulet of reflection]

   It reflects blocked missile attacks.
   Int:       It affects your intelligence (+2).
   Dex:       It affects your dexterity (+4).
   SH:        It affects your SH (+5).
 D - the ring "Vosoc" (left hand) {rPois MP+9 Int+3 Dex+3}
   (You found it in the Desolation of Salt)

   [ring of magical power]

   Int:       It affects your intelligence (+3).
   Dex:       It affects your dexterity (+3).
   rPois:     It protects you from poison.
   MP:        It affects your magic capacity (+9).
 E - the amulet of the Princess {Reflect rElec rPois rC+ MP-9 SH+5}
   (You acquired it on level 1 of the Snake Pit)

   [amulet of reflection]

   It reflects blocked missile attacks.
   rC:        It protects you from cold.
   rElec:     It insulates you from electricity.
   rPois:     It protects you from poison.
   MP:        It affects your magic capacity (-9).
   SH:        It affects your SH (+5).
 Q - the ring of the Country {Will+ Str+6}
   (You found it on level 19 of a ziggurat)

   [ring of strength]

   Str:       It affects your strength (+6).
   Will:      It increases your willpower.
 W - the ring "Weuvuagu" {*Slow EV+4 Str+2 Int+3}
   (You acquired it on level 5 of the Pits of Slime)

   [ring of evasion]

   EV:        It affects your evasion (+4).
   Str:       It affects your strength (+2).
   Int:       It affects your intelligence (+3).
   *Slow:     It may slow you when you take damage.
 X - the amulet "Dalaluth" {*Corrode +Inv Regen+ Dex+8}
   (You found it on level 8 of a ziggurat)

   [amulet of regeneration]

   Dex:       It affects your dexterity (+8).
   +Inv:      It lets you turn invisible.
   Regen:     It increases your rate of health regeneration.
   *Corrode:  It may corrode you when you take damage.
 Y - the ring of Nemicao (right hand) {Fly rF++ Will+ rCorr EV+4 Slay-3}
   (You found it on level 18 of a ziggurat)

   [ring of evasion]

   EV:        It affects your evasion (+4).
   Slay:      It affects your accuracy & damage with ranged weapons and melee
   (-3).
   rF:        It greatly protects you from fire.
   Fly:       It grants you flight.
   rCorr:     It protects you from acid and corrosion.
   Will:      It increases your willpower.
Wands
 p - a wand of flame (115)
 r - a wand of roots (29)
 L - a wand of paralysis (40)
 O - a wand of mindburst (77) (quivered)
 P - a wand of acid (3)
 V - a wand of digging (18)
Scrolls
 d - 17 scrolls of teleportation
 g - 18 scrolls of fog
 l - 4 scrolls of silence
 m - 7 scrolls of fear
 n - 7 scrolls of amnesia
 s - 5 scrolls of enchant weapon
 C - a scroll of enchant armour
 J - 11 scrolls of poison
 N - 12 scrolls of magic mapping
Potions
 b - 5 potions of magic
 c - 4 potions of might
 h - a potion of cancellation
 j - 11 potions of mutation
 q - 8 potions of curing
 t - 3 potions of flight
 u - a potion of heal wounds
 x - a potion of resistance
 z - a potion of invisibility
 A - 2 potions of brilliance
 B - 4 potions of berserk rage
 R - 5 potions of ambrosia
 U - 7 potions of haste
Miscellaneous
 f - a lightning rod (4/4)
 o - a phantom mirror
 y - a tin of tremorstones (2/2)
 I - a phial of floods
 Z - a condenser vane


   Skills:
 + Level 17.6 Fighting
 - Level 14.0(15.1) Short Blades
 + Level 9.8(13.1) Long Blades
 - Level 11.1 Armour
 + Level 15.4 Dodging
 - Level 12.2 Stealth
 - Level 12.1 Shields
 + Level 19.9 Spellcasting
 - Level 22.3 Conjurations
 - Level 6.0 Hexes
 - Level 10.3 Summonings
 - Level 10.2 Necromancy
 - Level 3.1 Transmutations
 - Level 17.7 Fire Magic
 - Level 6.6 Ice Magic
 - Level 14.1 Earth Magic
 - Level 8.0 Poison Magic
 - Level 10.4 Evocations


You had 5 spell levels left.
You knew the following spells:

 Your Spells              Type           Power      Damage    Failure   Level
a - Borgnjor's Vile Clut  Necr/Erth      41%        N/A       1%          5
b - Starburst             Conj/Fire      51%        6d14      1%          6
c - Fulminant Prism       Conj/Hex       44%        3d19      1%          4
d - Iron Shot             Conj/Erth      49%        9d9       1%          6
e - Olgreb's Toxic Radia  Pois           70%        N/A       1%          4
f - Ignite Poison         Fire/Tmut/Pois 75%        N/A       1%          3
g - Ignition              Fire           49%        3d14      2%          8
h - Apportation           Tloc           62%        N/A       2%          1
i - Irradiate             Conj/Tmut      42%        3d25      1%          5
j - Ozocubu's Armour      Ice            65%        N/A       1%          3
k - Spellforged Servitor  Conj/Summ      47%        N/A       1%          7
l - Lehudib's Crystal Sp  Conj/Erth      49%        10d12     2%          8

Your spell library contained the following spells:

 Spells                   Type           Power      Damage    Failure   Level
 Fire Storm               Conj/Fire      51%        8d13      16%         9
 Shatter                  Erth           44%        3d34*     82%         9
 Maxwell's Capacitive Co  Air            15%        ∞         100%        8
 Foxfire                  Conj/Fire      100%       2x1d9     0%          1
 Kiss of Death            Conj/Necr      100%       2d13      0%          1
 Magic Dart               Conj           100%       1d8       0%          1
 Searing Ray              Conj           100%       2d8       0%          2
 Dazzling Flash           Conj/Hex       100%       N/A       0%          3
 Hailstorm                Conj/Ice       90%        3d18      0%          3
 Stone Arrow              Conj/Erth      100%       3d13      0%          3
 Sticky Flame             Conj/Fire      100%       2d11      0%          4
 Fireball                 Conj/Fire      51%        3d20      0%          5
 Iskenderun's Battlesphe  Conj           100%       2d15      0%          5
 Necrotise                Necr           100%       1d9       1%          1
 Slow                     Hex            100%       N/A       1%          1
 Summon Small Mammal      Summ           100%       N/A       1%          1
 Cigotuvi's Dreadful Rot  Necr/Pois/Air  100%       N/A       1%          2
 Ensorcelled Hibernation  Hex/Ice        100%       N/A       1%          2
 Momentum Strike          Conj/Tloc      100%       3d10      1%          2
 Passwall                 Tmut/Erth      60%        N/A       1%          2
 Sublimation of Blood     Necr           77%        N/A       1%          2
 Wereblood                Tmut           51%        N/A       1%          2
 Call Canine Familiar     Summ           78%        N/A       1%          3
 Confusing Touch          Hex            63%        N/A       1%          3
 Frozen Ramparts          Ice            100%       1d16      1%          3
 Inner Flame              Hex/Fire       82%        N/A       1%          3
 Kindle Blastsparks       Fire/Tloc/Air  100%       2d18      1%          3
 Mephitic Cloud           Conj/Pois/Air  77%        N/A       1%          3
 Portal Projectile        Hex/Tloc       100%       N/A       1%          3
 Summon Guardian Golem    Hex/Summ       71%        N/A       1%          3
 Tukima's Dance           Hex            63%        N/A       1%          3
 Vampiric Draining        Necr           77%        2d11      1%          3
 Anguish                  Hex/Necr       35%        N/A       1%          4
 Animate Armour           Summ/Erth      100%       N/A       1%          4
 Animate Dead             Necr           77%        N/A       1%          4
 Cause Fear               Hex            31%        N/A       1%          4
 Dispel Undead            Necr           77%        3d25      1%          4
 Iskenderun's Mystic Bla  Conj/Tloc      80%        2d16      1%          4
 Leda's Liquefaction      Hex/Erth       38%        N/A       1%          4
 Petrify                  Tmut/Erth      72%        N/A       1%          4
 Summon Ice Beast         Ice/Summ       72%        N/A       1%          4
 Agony                    Necr           77%        N/A       1%          5
 Freezing Cloud           Conj/Ice/Air   38%        6-21      1%          5
 Lee's Rapid Deconstruct  Erth           44%        3d21*     1%          5
 Lightning Bolt           Conj/Air       40%        1d59      1%          5
 Summon Lightning Spire   Summ/Air       60%        N/A       2%          4
 Summon Mana Viper        Hex/Summ       71%        N/A       2%          5
 Yara's Violent Unravell  Hex/Tmut       28%        3d12      2%          5
 Blink                    Tloc           62%        N/A       3%          2
 Ice Form                 Ice/Tmut       58%        N/A       3%          4
 Metabolic Englaciation   Hex/Ice        32%        N/A       4%          5
 Airstrike                Air            15%        2d(3-19)  6%          4
 Alistair's Intoxication  Tmut/Pois      40%        N/A       6%          5
 Gell's Gravitas          Tloc           31%        N/A       7%          3
 Lesser Beckoning         Tloc           62%        N/A       7%          3
 Teleport Other           Tloc           31%        N/A       7%          3
 Summon Forest            Summ/Tloc      30%        N/A       8%          5
 Blade Hands              Tmut           25%        N/A       17%         5
 Silence                  Hex/Air        25%        N/A       17%         5
 Passage of Golubria      Tloc           31%        N/A       22%         4
 Conjure Ball Lightning   Conj/Air       40%        3x3d14    1%          6
 Death Channel            Necr           38%        N/A       4%          6
 Summon Cactus Giant      Summ           39%        N/A       4%          6
 Eringya's Noxious Bog    Tmut/Pois      30%        N/A       10%         6
 Statue Form              Tmut/Erth      48%        N/A       10%         6
 Simulacrum               Ice/Necr       36%        N/A       11%         6
 Monstrous Menagerie      Summ           39%        N/A       26%         7
 Summon Hydra             Summ           39%        N/A       26%         7
 Ozocubu's Refrigeration  Ice            32%        4d14      30%         7
 Enfeeble                 Hex            31%        N/A       83%         7
 Borgnjor's Revivificati  Necr           38%        N/A       91%         8
 Dragon Form              Tmut           25%        N/A       99%         7
 Chain Lightning          Conj/Air       40%        3d53      99%         9
 Discord                  Hex            31%        N/A       100%        8
 Necromutation            Tmut/Necr      32%        N/A       100%        8
 Death's Door             Necr           38%        N/A       100%        9
 Dragon's Call            Summ           39%        N/A       100%        9
 Polar Vortex             Ice            32%        N/A       100%        9


Dungeon Overview and Level Annotations

Branches:
Dungeon (15/15)            Temple (1/1) D:6            Lair (5/5) D:11
  Swamp (4/4) Lair:2        Snake (4/4) Lair:2        Slime (5/5) Lair:5
    Orc (2/2) D:12            Elf (3/3) Orc:2        Vaults (5/5) D:13
  Crypt (1/3) Vaults:3     Depths (4/4) D:15           Hell (visited)
    Dis (0/7) Hell            Geh (0/7) Hell            Coc (0/7) Hell
    Tar (0/7) Hell            Zot (5/5) Depths:4     Bailey (visited)
  IceCv (visited)          WizLab (visited)         Desolation (visited)
Gauntlet (visited)

Altars:
Ashenzari
Cheibriados
Dithmenos
Fedhas
Gozag
Hepliaklqana
Kikubaaqudgha
Makhleb
Nemelex Xobeh
Okawaru
Qazlal
Ru
Sif Muna
Trog
Uskayaw
Vehumet
Wu Jian
Xom
Yredelemnul
Jiyva
Lugonu

Shops:
D:1 (   D:6 ?   D:7 [   D:10 *(   D:11 (   Orc:2 !:(?   Snake:1 ??   Snake:2 !
Snake:4 *=   Vaults:1 [?   Depths:3 ::=

Portals:
Hell: Depths:1 Depths:2 Depths:3 Depths:4
Abyss: Depths:2 Depths:3
Pandemonium: Depths:2

Annotations:
D:14 1 transporter
Snake:3 2 transporters, Midn8's ghost, adept DrFi
Zot:4 2 transporters, exclusion: obsidian statue


Innate Abilities, Weirdness & Mutations

You have a pair of large antennae on your head. (SInv)
You are completely covered in rugged brown scales. (AC +3, +7% HP)
You can hurl damnation.
A meltable icy envelope protects you from harm. (AC +8)
You are resistant to unholy torment.
When hurt, damage is shared between your health and your magic reserves.
You regenerate magic rapidly.
When low on magic, you restore magic in place of health.
A meltable shield of frost defends you. (SH +4)
You punish those that try to bend your will. (Will+)
You have sharp fingernails.
You have large cloven feet.
Your body sometimes deteriorates upon taking damage.
Your muscles are very strong. (Str +8, Int/Dex -2)


Message History

Confirm with . or Enter, or press ? or * to list all spells.
Aiming: Iron Shot (safe; 1% risk of failure)
Press: ? - help, Shift-Dir - straight line, f - demonspawn corrupter
Aim: a demonspawn corrupter, wielding a +2 demon trident of draining, wearing a +0 leather armour and wearing a +0 buckler (ally target, 63% to hit)
The iron shot hits the demonspawn corrupter!!!
The demonspawn corrupter is severely wounded.
Your spellforged servitor casts a spell at the demonspawn corrupter.
The crystal spear hits the demonspawn corrupter!!!
The demonspawn corrupter dies!
Vehumet accepts your kill.
Unknown command.
Casting: Iron Shot (safe; 1% risk of failure)
Confirm with . or Enter, or press ? or * to list all spells.
Aiming: Iron Shot (safe; 1% risk of failure)
Press: ? - help, Shift-Dir - straight line, f - shadow demon
Aim: a shadow demon (72% to hit)
The iron shot hits the shadow demon!!
The shadow demon is severely wounded.
Unknown command.
Casting: Iron Shot (safe; 1% risk of failure)
Confirm with . or Enter, or press ? or * to list all spells.
Aiming: Iron Shot (safe; 1% risk of failure)
Press: ? - help, Shift-Dir - straight line, f/p - shadow demon
Aim: a shadow demon (severely wounded, ally target, 72% to hit)
The iron shot hits the shadow demon!!!
You kill the shadow demon!
Vehumet accepts your kill.
Your spellforged servitor casts a spell at the cacodemon.
The crystal spear hits the cacodemon!!!
Unknown command.
Your spellforged servitor casts a spell at the cacodemon.
The crystal spear misses the cacodemon.
There is an open door here.
There is a staircase leading out of the dungeon, spattered with blood here.
Items here: ) [[ †.
Your spellforged servitor gestures at the cacodemon while chanting.
The crystal spear hits the cacodemon!!!!
The cacodemon dies!
Vehumet accepts your kill.
You have escaped!

#.........#...[.....#..##
######..#.......#..###.##
##...#........# #.## #########
##..#..#.....# #... #.......#
####.#........# ##..
#.......######.............# #..
#..............####........####..
#.......##.##.#+##'#...........♣.
♣.......##.##.##@>##....#....♣...
♣.............#'##+#.......#.....
♣###.##..§≈≈≈..####..≈≈≈≈...♣..♣.
♣ #....≈≈§§≈9......≈≈≈≈≈≈.......
♣ #.#..≈≈≈≈≈≈§.....≈≈≈≈≈≈..♣..♣.
♣ #.##.≈≈§≈§≈§.....≈≈≈≈≈≈.......
#.##..≈§§≈........≈≈≈≈....♣...
###.##........##..............♣.
##.........§§....................


You could see a friendly spellforged servitor (summoned).

Vanquished Creatures
  the Royal Jelly (Slime:5)
  5 dread liches
  2 orbs of fire
  3 ancient liches
  2 juggernauts
  5 pandemonium lords
  Sojobo (Vaults:3)
  Vv (Depths:3)
  A Killer Klown (Zig:12)
  3 caustic shrikes
  5 curse toes
  10 golden dragons
  Geryon (Hell)
  Nikola (Swamp:1)
  A bone dragon (Zig:14)
  2 doom hounds (Depths:3)
  3 Tzitzimimeh
  An electric golem (Zot:5)
  2 Brimstone Fiends
  An iron giant (Zig:9)
  A hellephant (Abyss:6)
  Rupert (D:12)
  8 tentacled monstrosities
  4 Hell Sentinels
  An Ice Fiend (Zig:6)
  5 searing wretches (Depths:2)
  Grunn (Depths:3)
  7 liches
  16 Orb Guardians
  2 quicksilver dragons (shapeshifter) (Zig:12)
  2 deep elf blademasters
  11 quicksilver dragons
  5 sphinxes
  4 Executioners
  21 acid blobs
  5 death cobs
  3 ancient champions
  2 tentacled starspawn
  9 shadow dragons
  A sphinx (shapeshifter) (Zig:12)
  Agnes (Snake:2)
  17 azure jellies
  7 tengu reavers
  2 nagarajas (Snake:4)
  17 storm dragons
  10 draconian monks
  A fenstrider witch (Swamp:2)
  14 rockslimes
  2 revenants
  9 fire giants
  5 frost giants
  A demonspawn warmonger (Zig:19)
  6 draconian knights
  7 deep elf sorcerers
  A quicksilver elemental (Zig:9)
  2 cacodemons
  A ghost moth (shapeshifter) (Zig:8)
  5 ghost moths
  6 emperor scorpions
  10 vault wardens
  An imperial myrmidon (Desolation)
  2 curse skulls (Zig:13)
  8 draconian scorchers
  3 deep elf elementalists
  2 draconian stormcallers
  7 draconian shifters
  2 balrugs
  17 ironbound preservers
  2 demonspawn blood saints
  6 draconian annihilators
  9 very ugly things
  5 reapers
  4 orc warlords
  9 war gargoyles
  11 quicksilver oozes
  A broodmother (Zig:18)
  6 stone giants
  11 ironbound thunderhulks
  3 spriggan defenders (Depths:3)
  6 deep elf demonologists (Elf:3)
  7 black draconians
  20 starcursed masses
  4 green draconians
  9 deep elf annihilators
  4 eleionomae
  5 demonspawn black suns
  8 bunyips
  A wendigo (Zig:6)
  A halazid warlock (Desolation)
  An eleionoma (shapeshifter) (Zig:12)
  6 red draconians
  5 dire elephants (Vaults:1)
  6 vampire knights
  6 white draconians
  A lorocyproca (Depths:2)
  5 spark wasps
  18 yellow draconians
  A minotaur (Gauntlet)
  An iron golem (Zig:9)
  12 purple draconians
  3 green deaths
  5 ettins
  6 blizzard demons
  A merfolk impaler (Depths:1)
  6 entropy weavers
  7 fire dragons
  4 deep elf death magi
  An entropy weaver (shapeshifter) (D:14)
  A great orb of eyes (shapeshifter) (Vaults:5)
  Josephine (D:10)
  3 rakshasas
  3 deep elf high priests (Elf:3)
  16 yaktaur captains
  4 crystal guardians
  24 vault guards (Vaults:5)
  10 hydras
  11 great orbs of eyes
  3 ragged hierophants (Desolation)
  11 ice dragons
  2 hell beasts
  4 salamander tyrants
  12 centaur warriors
  2 catoblepae
  8 peacekeepers
  5 servants of whispers (Desolation)
  5 spriggan air magi
  7 ogre magi
  5 boulder beetles
  2 radroaches
  A catoblepas (shapeshifter) (Vaults:5)
  23 dancing weapons
  4 ironbound frosthearts
  2 death knights
  A death scarab (Zig:18)
  5 ghost crabs
  13 two-headed ogres
  8 alligators
  16 naga warriors
  6 deep troll earth magi
  5 deep troll shamans
  A hell hog (Depths:1)
  A stoker (Depths:2)
  8 anacondas
  5 vampire magi
  11 tengu warriors
  An orc high priest (Orc:2)
  2 thrashing horrors (Zig:14)
  13 death yaks
  103 slime creatures
  18 naga sharpshooters
  4 spriggan berserkers
  7 sun demons
  10 shock serpents
  16 spriggans
  A wretched star (Zig:14)
  3 crystal echidnas
  4 iron trolls
  16 hell knights
  25 deep elf knights
  4 pharaoh ants
  A death drake (Swamp:4)
  2 shadow wraiths
  5 soul eaters
  A fire crab (Zig:5)
  6 salamander mystics
  3 skeletal warriors
  A sun moth (Zig:18)
  An anaconda zombie (Hell)
  9 orb spiders
  4 spriggan druids
  A spriggan rider (Depths:3)
  3 steelbarb worms
  68 deep trolls
  2 goliath frogs
  A sixfirhy (D:1)
  An orb spider (shapeshifter) (Vaults:5)
  2 flayed ghosts
  6 orange crystal statues
  14 deep elf archers
  3 swamp dragons
  A lindwurm (shapeshifter) (Zig:8)
  A shadow demon (D:1)
  10 bog bodies
  A deep troll (shapeshifter) (Zig:8)
  2 spriggan simulacra (IceCv)
  2 glowing orange brains
  23 ironbound convokers
  7 harpies
  14 naga ritualists
  An obsidian statue (IceCv)
  25 deep elf pyromancers
  8 wizards
  5 phantasmal warriors
  7 orc knights
  11 lindwurms
  The ghost of GiantSquids the Markstengu, a novice TeHu of Okawaru (D:7)
  27 deep elf zephyrmancers
  10 mana vipers
  6 shining eyes
  A sphinx zombie (Depths:2)
  An oklob plant (Lair:5)
  8 orc sorcerers
  A worldbinder (Zig:14)
  7 wolf spiders
  15 salamanders
  7 necromancers
  2 will-o-the-wisps (Swamp:4)
  A faun (shapeshifter) (Zig:4)
  4 manticores
  4 cyclopes
  20 moths of wrath
  36 ugly things
  5 guardian serpents
  A toenail golem (Zot:1)
  Maurice (D:8)
  61 black mambas
  8 eyes of devastation
  A rust devil (Gauntlet)
  2 apocalypse crabs
  An elephant (Lair:1)
  An ice statue (Hell)
  A gargoyle (D:12)
  2 smoke demons
  19 naga magi
  A frost giant skeleton (Depths:2)
  11 torpor snails
  22 vault sentinels
  6 cane toads
  5 demonic crawlers
  Maggie (D:8)
  3 hellions
  2 rime drakes (Lair:5)
  2 komodo dragons (shapeshifter)
  A hellwing (Zig:19)
  29 yaktaurs
  A yaktaur (shapeshifter) (Elf:3)
  5 anaconda simulacra (IceCv)
  An efreet (D:14)
  23 freezing wraiths
  11 komodo dragons
  10 ice devils
  A kobold demonologist (D:10)
  A tormentor (Zig:15)
  10 tyrant leeches
  2 hydra zombies (Hell)
  A queen bee (Lair:2)
  11 trolls
  2 silent spectres (Zig:14)
  4 ancient zymes
  A bloated husk (Swamp:4)
  14 hornets
  14 polar bears
  19 saltlings (Desolation)
  A tarantella (shapeshifter) (Elf:1)
  3 dream sheep
  A wind drake (shapeshifter) (Depths:2)
  Grinder (D:3)
  A blink frog (shapeshifter) (Vaults:5)
  26 blink frogs
  2 alligator zombies
  3 tarantellas
  2 raiju (Lair:5)
  4 jumping spiders
  3 air elementals
  A hydra skeleton (Hell)
  A spriggan (shapeshifter) (Vaults:1)
  Sigmund (D:5)
  3 culicivoras (Zig:18)
  3 spriggan skeletons
  18 water elementals
  5 wyverns
  5 shadows
  10 wraiths
  A ynoxinul (Gauntlet)
  5 dire elephant simulacra (IceCv)
  16 humans (D:13)
  26 yaks
  2 fire elementals (Elf:2)
  4 vampire mosquitoes (D:13)
  28 golden eyes
  8 large abominations
  3 steam dragons
  4 swamp worm simulacra (Swamp:4)
  2 basilisks
  8 wargs
  Menkaure (D:5)
  A minotaur simulacrum (IceCv)
  A chaos spawn (Zig:12)
  3 neqoxecs
  3 redbacks
  3 harpy simulacra (IceCv)
  7 swamp worms
  Edmund (D:5)
  6 acid dragons
  60 nagas
  3 floating eyes
  15 hell hounds (Lair:5)
  19 water moccasins
  17 hydra simulacra
  2 swamp drakes
  14 black bears
  3 ice beasts
  34 orc warriors
  A swamp dragon zombie (Hell)
  2 ettin simulacra (IceCv)
  A sky beast (D:6)
  27 wolves
  13 ogres
  9 centaurs
  2 phantoms (D:6)
  8 kobold brigands
  19 bullfrogs
  2 deep troll simulacra (IceCv)
  5 gnoll sergeants
  3 earth elementals
  A necrophage (D:8)
  3 scorpions
  A wight (D:10)
  2 lindwurm simulacra (IceCv)
  46 killer bees
  2 electric eels (D:15)
  6 howler monkeys
  5 hounds
  2 jellies
  2 gnoll boudas
  12 orc priests
  2 iron imps (Gauntlet)
  Ijyb (D:3)
  6 iguanas
  38 orc wizards
  9 hell rats
  2 centaur simulacra
  23 gnolls
  8 adders
  11 river rats (Lair:4)
  A shadow imp (D:6)
  2 white imps (D:6)
  4 swamp drake simulacra (Swamp:4)
  An ufetubus (D:5)
  A worm (D:5)
  3 dart slugs
  89 orcs
  8 bats
  9 endoplasms
  3 giant cockroaches
  22 goblins
  18 hobgoblins
  5 quokkas
  7 ball pythons
  A frilled lizard (D:3)
  34 kobolds
  4 rats
  4 creeping infernos (Hell)
  3 fire vortices (Hell)
  2 fulminant prisms
  A pillar of salt (Desolation)
2639 creatures vanquished.

Vanquished Creatures (collateral kills)
  2 dread liches (Zot:5)
  2 orbs of fire (Zot:5)
  2 ancient liches
  3 pandemonium lords
  Bai Suzhen (Depths:2)
  A Killer Klown (Zot:5)
  A caustic shrike (Depths:4)
  2 golden dragons
  2 electric golems (Zot:5)
  A doom hound (Depths:3)
  An iron giant (Zig:9)
  7 tentacled monstrosities
  15 Orb Guardians
  A walking earthen tome (Zig:14)
  2 searing wretches (Depths:2)
  A quicksilver dragon (Vaults:5)
  A deep elf master archer (Elf:3)
  An ancient champion (Hell)
  A tentacled starspawn (Zig:14)
  An Executioner (D:1)
  2 sphinxes
  5 acid blobs
  3 death cobs
  A shadow dragon (Zot:1)
  2 tengu reavers
  4 storm dragons
  An azure jelly (Slime:4)
  2 nagarajas (Snake:4)
  A draconian monk (Zot:5)
  A fire giant (Zig:5)
  A rockslime (Slime:5)
  An iron dragon (Depths:2)
  A deep elf sorcerer (Elf:3)
  A cacodemon (D:1)
  A draconian knight (Zot:1)
  3 draconian scorchers
  A balrug (Zig:19)
  2 narguns (Zig:6)
  2 draconian shifters
  An ironbound preserver (Vaults:4)
  A deep elf elementalist (Elf:3)
  A war gargoyle (Vaults:3)
  A draconian annihilator (Zot:5)
  4 stone giants
  A demonspawn blood saint (Zig:19)
  2 draconian stormcallers
  A demonspawn corrupter (D:1)
  4 quicksilver oozes
  3 very ugly things
  3 reapers
  A black draconian (Zot:1)
  3 ironbound thunderhulks
  4 green draconians
  4 yellow draconians
  A red draconian (Zot:5)
  A halazid warlock (Desolation)
  A purple draconian (Zot:5)
  The ghost of logorrheac the Severer, a journeyman MiBe of Trog (Lair:4)
  A white draconian (Zot:4)
  An iron golem (Depths:2)
  A blizzard demon (WizLab)
  2 crystal guardians (Desolation)
  4 yaktaur captains
  2 deep elf death magi (Elf:3)
  3 fire dragons
  A merfolk impaler (Depths:3)
  2 ragged hierophants (Desolation)
  A deep elf high priest (Zig:8)
  4 ice dragons
  A vault guard (Vaults:5)
  2 great orbs of eyes
  4 peacekeepers
  A rakshasa (Depths:1)
  An ironbound frostheart (Vaults:4)
  2 death knights (Vaults:3)
  2 anacondas (Snake:4)
  A spriggan air mage (Depths:4)
  3 salamander tyrants
  5 dancing weapons
  2 deep troll shamans
  2 naga warriors (Snake:4)
  3 naga sharpshooters (Snake:4)
  2 sun demons
  A hell knight (Vaults:5)
  2 crystal echidnas
  4 soul eaters
  A wretched star (Abyss:6)
  A salamander mystic (Snake:4)
  5 iron trolls
  2 skeletal warriors (Hell)
  2 shadow demons
  7 deep trolls
  A glowing orange brain (Depths:4)
  An ironbound convoker (Vaults:4)
  A wizard (Vaults:4)
  3 phantasmal warriors
  An anaconda skeleton (Hell)
  An orc knight (Vaults:5)
  3 deep elf pyromancers (Elf:1)
  2 mana vipers (Snake:4)
  5 ugly things
  5 moths of wrath
  A salamander (Depths:4)
  A guardian serpent (Desolation)
  A rust devil (D:2)
  A black mamba (Snake:4)
  A water nymph (shapeshifter) (Depths:2)
  A naga mage (Snake:4)
  An ice statue (Zig:14)
  2 vault sentinels
  2 smoke demons
  An orange demon (D:1)
  4 large abominations
  4 yaktaurs
  2 ice devils
  A tormentor (WizLab)
  An anaconda simulacrum (Hell)
  A freezing wraith (Vaults:3)
  A tengu conjurer (Depths:1)
  4 red devils
  An efreet (Abyss:6)
  25 saltlings (Desolation)
  A hydra skeleton (Hell)
  31 slime creatures
  A raiju (Zig:14)
  A water elemental (Depths:1)
  An alligator skeleton (Hell)
  A ynoxinul (Zot:5)
  A golden eye (Slime:3)
  2 chaos spawn (WizLab)
  A neqoxec (Abyss:6)
  4 nagas (Snake:4)
  7 starcursed masses
  A fire vortex (Zig:12)
330 creatures vanquished.

Vanquished Creatures (others)
  A green draconian (Zot:4)
  A bunyip (Swamp:4)
  A purple draconian (Zig:16)
  A glowing orange brain (Slime:2)
  A naga (Snake:4)
  An orc warrior (Vaults:5)
  An orc wizard (Orc:2)
  4 foxfires (Swamp:4)
  209 fulminant prisms
  23 fungi
  A pillar of salt (Desolation)
  62 plants
  7 starspawn tentacles
313 creatures vanquished.

Grand Total: 3282 creatures vanquished

Notes
Turn   | Place    | Note
-------+----------+-------------------------------------------
     0 | D:1      | hikkokomori the Demonspawn Conjurer began the quest for the
                  | Orb.
     0 | D:1      | Reached XP level 1. HP: 13/13 MP: 3/3
   153 | D:1      | Gained mutation: A meltable shield of frost defends you.
                  | (SH +4) [demonic ancestry]
   153 | D:1      | Reached XP level 2. HP: 15/19 MP: 0/5
   628 | D:1      | Found Mozurudgh's Weapon Boutique.
   727 | D:1      | Found a faded altar of an unknown god.
   864 | D:1      | Learned a level 2 spell: Searing Ray
  1140 | D:2      | Gained mutation: A meltable icy envelope protects you from
                  | harm. (AC +8) [demonic ancestry]
  1140 | D:2      | Reached XP level 3. HP: 24/24 MP: 1/7
  1883 | D:2      | Reached XP level 4. HP: 30/30 MP: 6/8
  2440 | D:3      | Noticed Ijyb
  2657 | D:3      | Killed Ijyb
  2658 | D:3      | Reached skill level 5 in Conjurations
  2662 | D:3      | Noticed Grinder
  2664 | D:3      | HP: 1/30 [Grinder (6)]
  2871 | D:4      | Learned a level 4 spell: Fulminant Prism
  3181 | D:4      | Reached XP level 5. HP: 29/36 MP: 6/10
  3385 | D:4      | Reached skill level 1 in Fighting
  3385 | D:4      | Reached skill level 1 in Hexes
  3754 | D:5      | Entered Level 5 of the Dungeon
  3950 | D:5      | Reached XP level 6. HP: 44/44 MP: 6/11
  3985 | D:5      | Got the Handbook of the Vexing Mountains
  4027 | D:5      | Noticed Menkaure
  4047 | D:5      | Killed Menkaure
  4048 | D:5      | Reached skill level 6 in Conjurations
  4210 | D:5      | Gained mutation: You are partially covered in rugged brown
                  | scales. (AC +1, +3% HP) [demonic ancestry]
  4210 | D:5      | Reached XP level 7. HP: 34/53 MP: 3/12
  4398 | D:5      | Noticed Sigmund
  4434 | D:5      | Killed Sigmund
  4578 | D:5      | Noticed Edmund
  4588 | D:5      | Killed Edmund
  5120 | D:3      | Killed Grinder
  5121 | D:3      | Reached skill level 7 in Conjurations
  5121 | D:3      | Gained mutation: You have a pair of small antennae on your
                  | head. [demonic ancestry]
  5121 | D:3      | Reached XP level 8. HP: 50/62 MP: 2/13
  5271 | D:3      | You fall into a shaft and drop 1 floor!
  5739 | D:6      | Got the Precepts of Feathers
  5882 | D:6      | Found a staircase to the Ecumenical Temple.
  5889 | Temple   | Entered the Ecumenical Temple
  6097 | Temple   | Became a worshipper of Vehumet
  6124 | D:6      | Reached skill level 5 in Fighting
  6124 | D:6      | Reached skill level 5 in Hexes
  6132 | D:6      | Gained mutation: You are vulnerable to heat. (rF-) [potion
                  | of mutation]
  6132 | D:6      | Gained mutation: You are agile. (Dex +4, Str/Int -1)
                  | [potion of mutation]
  6132 | D:6      | Gained mutation: Your flesh is cold resistant. (rC+)
                  | [potion of mutation]
  6289 | D:6      | Found an ornate altar of the Wu Jian Council.
  6291 | D:6      | Found an ancient bone altar of Kikubaaqudgha.
  6291 | D:6      | Found a sparkling altar of Nemelex Xobeh.
  6291 | D:6      | Found a shimmering altar of Xom.
  6292 | D:6      | Found a shadowy altar of Dithmenos.
  6299 | D:6      | Reached skill level 8 in Conjurations
  6396 | D:6      | Reached * piety under Vehumet
  6396 | D:6      | Offered knowledge of Kiss of Death by Vehumet.
  6413 | D:6      | Learned a level 6 spell: Iron Shot
  6509 | D:6      | Gained mutation: You regenerate magic rapidly. [demonic
                  | ancestry]
  6509 | D:6      | Reached XP level 9. HP: 71/71 MP: 7/14
  6600 | D:6      | Reached skill level 1 in Earth Magic
  6888 | D:6      | Found Haikif's Magic Scroll Shoppe.
  6894 | D:6      | Bought 2 scrolls of identify for 40 gold pieces
  6901 | D:6      | Bought a scroll of identify for 20 gold pieces
  6901 | D:6      | Bought a scroll of identify for 20 gold pieces
  6901 | D:6      | Bought a scroll of identify for 20 gold pieces
  7205 | D:7      | Found a runed translucent door.
  7207 | D:7      | Noticed GiantSquids's ghost (novice TeHu)
  7499 | D:7      | Reached skill level 1 in Short Blades
  7629 | D:7      | Found Moecis's Antique Armour Boutique.
  7673 | D:8      | Offered knowledge of Poisonous Vapours by Vehumet.
  7675 | D:8      | Reached ** piety under Vehumet
  7681 | D:8      | Reached skill level 5 in Spellcasting
  7959 | D:8      | Noticed Maurice
  7964 | D:8      | Offered knowledge of Inner Flame by Vehumet.
  7965 | D:8      | Reached XP level 10. HP: 74/78 MP: 12/18
  7971 | D:8      | Killed Maurice
  7992 | D:8      | Noticed Maggie
  8025 | D:8      | Killed Maggie
  8101 | D:8      | Reached skill level 9 in Conjurations
  8116 | D:8      | Reached *** piety under Vehumet
  8230 | D:8      | Found a burning altar of Makhleb.
  8266 | D:8      | Found a hide-covered altar of Uskayaw.
  8485 | D:9      | Paralysed by a hornet for 3 turns
  8489 | D:9      | Paralysed by a hornet for 3 turns
  8588 | D:9      | Found a flagged portal.
  8603 | Bailey   | Entered a bailey
  8633 | Bailey   | Offered knowledge of Mephitic Cloud by Vehumet.
  8638 | Bailey   | Reached skill level 5 in Earth Magic
  8761 | Bailey   | Noticed an orc warlord
  8788 | Bailey   | Reached **** piety under Vehumet
  8875 | Bailey   | Offered knowledge of Olgreb's Toxic Radiance by Vehumet.
  8937 | Bailey   | Acquired 1352 gold pieces
  8951 | Bailey   | Learned a level 4 spell: Olgreb's Toxic Radiance
  8955 | Bailey   | Learned a level 3 spell: Ignite Poison
  9009 | Bailey   | Reached skill level 1 in Poison Magic
  9091 | Bailey   | Killed an orc warlord
  9092 | Bailey   | Reached skill level 10 in Conjurations
  9847 | D:10     | Entered Level 10 of the Dungeon
 10060 | D:10     | Noticed a wolf spider
 10060 | D:10     | Noticed a centaur warrior
 10062 | D:10     | Noticed Josephine
 10323 | D:10     | Gained mutation: You are mostly covered in rugged brown
                  | scales. (AC +2, +5% HP) [demonic ancestry]
 10323 | D:10     | Reached XP level 11. HP: 78/85 MP: 17/20
 10399 | D:10     | Paralysed by a floating eye for 4 turns
 10553 | D:10     | Reached skill level 5 in Poison Magic
 10948 | D:9      | Killed a wolf spider
 11228 | D:10     | Found Kidgheasm's Assorted Antiques.
 11305 | D:10     | Reached skill level 11 in Conjurations
 11872 | D:10     | Killed Josephine
 11988 | D:10     | Killed a centaur warrior
 12317 | D:10     | Found Kuot's Antique Weapon Emporium.
 12325 | D:10     | Bought a runed hand crossbow for 195 gold pieces
 12525 | D:10     | Reached ***** piety under Vehumet
 12589 | D:11     | Offered knowledge of Iskenderun's Battlesphere by Vehumet.
 12681 | D:11     | Noticed a two-headed ogre
 12686 | D:11     | Killed a two-headed ogre
 12687 | D:11     | Gained mutation: When hurt, damage is shared between your
                  | health and your magic reserves. [demonic ancestry]
 12687 | D:11     | Reached XP level 12. HP: 83/95 MP: 8/21
 12859 | D:11     | Found Iresueti's Antique Weapon Emporium.
 12895 | D:11     | Found a staircase to the Lair.
 13321 | Lair:1   | Entered Level 1 of the Lair of Beasts
 13402 | Lair:1   | Reached skill level 5 in Stealth
 15181 | Lair:1   | Upgraded the game from 0.30-a0-465-g8901f6c8b5 to
                  | 0.30-a0-469-g84de5afbc5
 15218 | Lair:2   | Found a staircase to the Snake Pit.
 15478 | Lair:2   | Found a staircase to the Swamp.
 15490 | Lair:2   | Offered knowledge of Yara's Violent Unravelling by Vehumet.
 15498 | Lair:2   | Learned a level 5 spell: Yara's Violent Unravelling
 16078 | Lair:3   | Found a gate leading to a gauntlet.
 16094 | Lair:3   | Reached skill level 1 in Shields
 16094 | Lair:3   | Reached XP level 13. HP: 100/103 MP: 25/25
 16178 | Gauntlet | Entered a Gauntlet
 16178 | Gauntlet | Found a transporter.
 16178 | Gauntlet | Found a transporter.
 16178 | Gauntlet | Found a transporter.
 16190 | Gauntlet | Found a transporter.
 16193 | Gauntlet | Found a transporter.
 16201 | Gauntlet | Found a transporter.
 16204 | Gauntlet | Found a transporter.
 16215 | Gauntlet | Found a transporter.
 16231 | Gauntlet | Found a transporter.
 16249 | Gauntlet | Found a transporter.
 16252 | Gauntlet | Found a transporter.
 16266 | Gauntlet | Found a transporter.
 16735 | Gauntlet | Noticed a minotaur
 16740 | Gauntlet | Killed a minotaur
 17047 | Lair:3   | Reached skill level 1 in Evocations
 18108 | Lair:4   | Reached skill level 10 in Fighting
 18186 | Lair:4   | Reached skill level 5 in Dodging
 18535 | Lair:4   | You fall into a shaft and drop 1 floor!
 18535 | Lair:5   | Entered Level 5 of the Lair of Beasts
 18588 | Lair:5   | Reached ****** piety under Vehumet
 18588 | Lair:5   | Offered knowledge of Spellforged Servitor by Vehumet.
 18589 | Lair:5   | Reached skill level 5 in Shields
 18797 | Lair:5   | Learned a level 7 spell: Spellforged Servitor
 18799 | Lair:5   | Learned a level 1 spell: Apportation
 19060 | Lair:5   | Gained mutation: When low on magic, you restore magic in
                  | place of health. [demonic ancestry]
 19060 | Lair:5   | Reached XP level 14. HP: 112/116 MP: 22/26
 19173 | Lair:5   | Reached skill level 1 in Summonings
 19903 | Lair:5   | Found a viscous altar of Jiyva.
 19905 | Lair:5   | Found a staircase to the Slime Pits.
 20138 | Lair:4   | Found a runed translucent gate.
 20138 | Lair:4   | Found a runed translucent gate.
 20152 | Lair:4   | Found a runed translucent gate.
 20153 | Lair:4   | Noticed a rockslime
 20153 | Lair:4   | Noticed logorrheac's ghost (journeyman MiBe)
 20153 | Lair:4   | Noticed an azure jelly
 20153 | Lair:4   | Noticed an azure jelly
 20153 | Lair:4   | Noticed an acid blob
 20323 | Lair:4   | Noticed an azure jelly
 20324 | Lair:4   | Noticed an azure jelly
 20326 | Lair:4   | Noticed an acid blob
 20326 | Lair:4   | Noticed an azure jelly
 20327 | Lair:4   | Found a viscous altar of Jiyva.
 22493 | D:12     | Found a staircase to the Orcish Mines.
 22499 | D:12     | Offered knowledge of Lee's Rapid Deconstruction by Vehumet.
 22574 | D:12     | Reached skill level 12 in Conjurations
 22622 | D:12     | Noticed Rupert
 22634 | D:12     | Killed Rupert
 22762 | D:12     | Reached skill level 5 in Summonings
 23621 | Orc:1    | Entered Level 1 of the Orcish Mines
 23646 | Orc:1    | Learned a level 5 spell: Lee's Rapid Deconstruction
 23695 | Orc:2    | Entered Level 2 of the Orcish Mines
 23711 | Orc:2    | Noticed an orc warlord
 23725 | Orc:2    | Killed an orc warlord
 24244 | Orc:2    | Found Tubror's Magic Scroll Boutique.
 24247 | Orc:2    | Reached XP level 15. HP: 122/122 MP: 23/27
 24248 | Orc:2    | Offered knowledge of Irradiate by Vehumet.
 24250 | Orc:2    | Paralysed by something for 2 turns
 24284 | Orc:2    | Found an ancient bone altar of Kikubaaqudgha.
 24296 | Orc:2    | Reached skill level 10 in Earth Magic
 24313 | Orc:2    | Found Kusazy's Antique Weapon Boutique.
 24358 | Orc:2    | Paralysed by an orc sorcerer for 5 turns
 24373 | Orc:2    | Found a radiant altar of Vehumet.
 24392 | Orc:2    | Found Olumnedi's Distillery.
 24422 | Orc:2    | Found Huarueli's Book Boutique.
 24564 | Orc:2    | Found a staircase to the Elven Halls.
 24724 | D:7      | Bought a pair of embroidered boots for 210 gold pieces
 24816 | D:7      | Killed GiantSquids's ghost
 25134 | Orc:2    | Learned a level 5 spell: Irradiate
 25158 | Orc:2    | Bought a scroll of magic mapping for 112 gold pieces
 25158 | Orc:2    | Bought a scroll of blinking for 112 gold pieces
 25158 | Orc:2    | Bought a scroll of blinking for 112 gold pieces
 25324 | Snake:1  | Entered Level 1 of the Snake Pit
 25680 | D:13     | Found a gate to the Vaults.
 27045 | D:14     | Offered knowledge of Fireball by Vehumet.
 27210 | D:14     | Found a transporter.
 27419 | D:14     | Reached skill level 13 in Conjurations
 27650 | D:15     | Entered Level 15 of the Dungeon
 27677 | D:15     | Found a frozen archway.
 27681 | D:15     | Reached skill level 5 in Short Blades
 27826 | IceCv    | Entered an ice cave
 28090 | IceCv    | Found the +4 skin of Zhor {*Englaciate rC+++ SInv}
 28135 | IceCv    | Found an ancient bone altar of Kikubaaqudgha.
 28148 | IceCv    | Reached skill level 10 in Spellcasting
 28153 | IceCv    | Gained mutation: You have a pair of antennae on your head.
                  | [demonic ancestry]
 28153 | IceCv    | Reached XP level 16. HP: 64/129 MP: 18/30
 28343 | IceCv    | Noticed a lich
 28347 | IceCv    | Killed a lich
 28377 | IceCv    | Learned a level 3 spell: Ozocubu's Armour
 29323 | D:15     | Offered knowledge of Starburst by Vehumet.
 29527 | D:15     | Found a staircase to the Depths.
 30263 | Swamp:1  | Entered Level 1 of the Swamp
 30401 | Swamp:1  | Reached skill level 1 in Ice Magic
 30697 | Swamp:1  | Reached skill level 14 in Conjurations
 30718 | Swamp:1  | Identified the +0 pair of gloves of Bitterness {rF+ rC+++
                  | rN+ Str-2}
 30718 | Swamp:1  | Noticed Nikola
 30745 | Swamp:1  | Killed Nikola
 31353 | Swamp:2  | You fall into a shaft and drop 1 floor!
 32217 | Swamp:3  | Gained mutation: You have a pair of large antennae on your
                  | head. (SInv) [demonic ancestry]
 32217 | Swamp:3  | Reached XP level 17. HP: 111/135 MP: 23/32
 33003 | Swamp:4  | Entered Level 4 of the Swamp
 34399 | Swamp:4  | Got a decaying rune of Zot
 35195 | Snake:1  | Reached skill level 5 in Ice Magic
 35415 | Snake:1  | Found Rotri's Magic Scroll Shoppe.
 35421 | Snake:1  | Bought a scroll of acquirement for 832 gold pieces
 35421 | Snake:1  | Bought a scroll of blinking for 120 gold pieces
 35421 | Snake:1  | Acquired the amulet of the Princess {Reflect rElec rPois
                  | rC+ MP-9 SH+5}
 35482 | Snake:1  | Found Ciemumiph's Magic Scroll Emporium.
 35526 | Snake:1  | Offered knowledge of Fire Storm by Vehumet.
 35526 | Snake:1  | Offered knowledge of Shatter by Vehumet.
 35526 | Snake:1  | Offered knowledge of Maxwell's Capacitive Coupling by
                  | Vehumet.
 35533 | Snake:1  | You fall into a shaft and drop 1 floor!
 35533 | Snake:2  | Found Tuanioza's Distillery.
 35562 | Snake:2  | Bought a potion of magic for 128 gold pieces
 35562 | Snake:2  | Bought a potion of might for 64 gold pieces
 35737 | Snake:2  | Reached skill level 15 in Conjurations
 36125 | Snake:2  | Noticed Agnes
 36133 | Snake:2  | Killed Agnes
 38567 | Snake:3  | Gained mutation: You punish those that try to bend your
                  | will. (Will+) [demonic ancestry]
 38567 | Snake:3  | Reached XP level 18. HP: 125/142 MP: 12/34
 38961 | Snake:3  | Found a transporter.
 38964 | Snake:3  | Noticed Midn8's ghost (adept DrFi)
 39048 | Snake:3  | Found a transporter.
 39106 | Snake:3  | Identified the +7 sling "Qaskynet" {flame, Dex+4}
 40205 | Snake:4  | Entered Level 4 of the Snake Pit
 40527 | Snake:4  | Identified the +6 long sword of Qazlal's Grace {drain,
                  | Int+3}
 40623 | Snake:4  | Reached skill level 5 in Evocations
 41160 | Snake:4  | Found Zaim's Jewellery Shop.
 41295 | Snake:4  | Found Gukiollek's Assorted Antiques.
 41303 | Snake:4  | Bought a transparent war axe for 340 gold pieces
 41303 | Snake:4  | Identified the +7 war axe of Calamity {drain, MP+9 Str+2}
                  | (You bought it in a shop on level 4 of the Snake Pit)
 42231 | Snake:4  | Learned a level 7 spell: Spellforged Servitor
 42290 | Snake:4  | Reached skill level 16 in Conjurations
 42489 | Snake:4  | Got a serpentine rune of Zot
 43502 | Vaults:1 | Entered Level 1 of the Vaults
 43564 | Vaults:1 | Reached XP level 19. HP: 104/150 MP: 27/36
 43605 | Vaults:1 | Found a crumbling gateway.
 43709 | Desolati | Entered the Desolation of Salt
 43871 | Desolati | Reached skill level 10 in Summonings
 44087 | Desolati | Identified the ring "Vosoc" {rPois MP+9 Int+3 Dex+3}
 44115 | Desolati | Identified the +0 robe of Dishonesty {rC++ Will+}
 44422 | Desolati | Found the +1 cloak of Starlight {*Dazzle EV+4 Stlth--}
 44442 | Desolati | Got the Opusculum on Terrain
 44483 | Desolati | Identified the +7 long sword of Annihilation {vorpal,
                  | +Blink rCorr Dex+7}
 44512 | Desolati | Identified the +5 chain mail of Wiget {rPois}
 44523 | Desolati | Identified the +1 lajatang of Insomnia {flame, rF+ Str+3}
 45027 | Vaults:1 | Found Eleoj Wurph's Magic Scroll Emporium.
 45034 | Vaults:1 | Bought a scroll of teleportation for 57 gold pieces
 45048 | Vaults:1 | Found Sutir's Antique Armour Boutique.
 45899 | Vaults:1 | Reached skill level 17 in Conjurations
 46198 | Vaults:2 | Found a magical portal.
 46203 | WizLab   | Entered Doroklohe's Tomb
 47602 | Vaults:2 | Reached XP level 20. HP: 146/157 MP: 32/38
 48109 | Vaults:2 | Identified the +8 scale mail "Tutsopib" {Rampage rF+ Will-
                  | SInv}
 49370 | Vaults:3 | Reached skill level 10 in Evocations
 49390 | Vaults:3 | Found a staircase to the Crypt.
 49595 | Vaults:3 | Reached skill level 15 in Spellcasting
 50584 | Vaults:4 | Reached skill level 1 in Fire Magic
 50783 | Vaults:4 | Reached skill level 18 in Conjurations
 51037 | Vaults:4 | Gained mutation: You are completely covered in rugged brown
                  | scales. (AC +3, +7% HP) [demonic ancestry]
 51037 | Vaults:4 | Reached XP level 21. HP: 141/167 MP: 37/40
 51189 | Vaults:4 | Noticed a golden dragon
 51197 | Vaults:4 | Killed a golden dragon
 51522 | Vaults:4 | Learned a level 8 spell: Lehudib's Crystal Spear
 52313 | Depths:1 | Entered Level 1 of the Depths
 52552 | Depths:1 | Reached skill level 10 in Dodging
 52633 | Depths:1 | Found a gateway to Hell.
 53119 | Depths:1 | Found a blossoming altar of Fedhas.
 53273 | Depths:2 | Upgraded the game from 0.30-a0-469-g84de5afbc5 to
                  | 0.30-a0-475-g03497ec522
 53506 | Depths:2 | Reached skill level 5 in Fire Magic
 53719 | Depths:2 | Found a corrupted altar of Lugonu.
 53720 | Depths:2 | Found a one-way gate to the infinite horrors of the Abyss.
 53897 | Depths:2 | Found a one-way gate leading to the halls of Pandemonium.
 53965 | Depths:2 | Found a one-way gateway to a ziggurat.
 53976 | Depths:2 | Noticed Bai Suzhen
 54001 | Depths:2 | Killed Bai Suzhen
 54011 | Depths:2 | Identified the +7 war axe "Orhoufo" {freeze, rF+ Str+2
                  | Int+3}
 55605 | Depths:3 | Noticed Grunn
 55620 | Depths:3 | Gained mutation: You are resistant to unholy torment.
                  | [demonic ancestry]
 55620 | Depths:3 | Reached XP level 22. HP: 105/178 MP: 14/42
 55908 | Depths:3 | Learned a level 5 spell: Borgnjor's Vile Clutch
 56422 | Depths:3 | Killed Grunn
 56535 | Depths:3 | Noticed Vv
 56536 | Depths:3 | Found Geankel's Book Shop.
 56557 | Depths:3 | Killed Vv
 56681 | Depths:3 | Found Gugiuwn's Jewellery Emporium.
 56683 | Depths:3 | Found Odimpid's Book Shop.
 56689 | Depths:3 | Bought a manual of Armour for 1360 gold pieces
 56783 | Depths:3 | Reached skill level 1 in Armour
 57702 | Depths:4 | Entered Level 4 of the Depths
 57994 | Depths:4 | Noticed a caustic shrike
 58000 | Depths:4 | Killed a caustic shrike
 58001 | Depths:4 | Reached skill level 5 in Armour
 58016 | Depths:4 | Noticed a caustic shrike
 58016 | Depths:4 | Noticed a caustic shrike
 58022 | Depths:4 | Killed a caustic shrike
 58026 | Depths:4 | Killed a caustic shrike
 58381 | Depths:4 | Noticed a juggernaut
 58389 | Depths:4 | Killed a juggernaut
 58442 | Depths:4 | Reached skill level 19 in Conjurations
 59492 | Depths:4 | Found a gate to the Realm of Zot.
 59501 | Depths:4 | Got the Guide on Fetid Metal
 59631 | Hell     | Entered the Vestibule of Hell
 59631 | Hell     | Noticed Geryon
 60534 | Elf:1    | Entered Level 1 of the Elven Halls
 60578 | Elf:1    | You fall into a shaft and drop 1 floor!
 60583 | Elf:2    | Reached skill level 10 in Shields
 60672 | Elf:2    | Found a runed translucent gate.
 60672 | Elf:2    | Found a runed translucent gate.
 60680 | Elf:2    | Found a runed translucent gate.
 60841 | Elf:2    | Paralysed by an air elemental for 1 turns
 61224 | Elf:2    | Reached XP level 23. HP: 176/185 MP: 20/43
 61765 | Elf:3    | Entered Level 3 of the Elven Halls
 62549 | Elf:3    | Reached skill level 10 in Fire Magic
 62574 | Elf:3    | Reached skill level 10 in Armour
 63314 | Elf:3    | Got the Guidebook on Amorphous Death
 63327 | Elf:3    | Acquired 861 gold pieces
 63336 | Elf:3    | Identified the +4 spear "Oliosotsi" {elec, Stlth+}
 63453 | Elf:1    | Identified the +3 scale mail of Quiescent Mirth {Harm}
 63604 | Elf:1    | Reached skill level 20 in Conjurations
 63763 | Elf:1    | Paralysed by an air elemental for 1 turns
 64374 | Crypt:1  | Entered Level 1 of the Crypt
 64374 | Crypt:1  | Noticed Sojobo
 64626 | Vaults:3 | Killed Sojobo
 64852 | Vaults:5 | Entered Level 5 of the Vaults
 64860 | Vaults:5 | Reached skill level 10 in Stealth
 65174 | Vaults:5 | Gained mutation: You can hurl damnation. [demonic ancestry]
 65174 | Vaults:5 | Reached XP level 24. HP: 185/193 MP: 43/43
 65950 | Vaults:5 | Identified the +9 falchion of Bile {holy, Str-5 Dex+5}
 65988 | Vaults:5 | Noticed a dread lich
 65993 | Vaults:5 | Killed a dread lich
 66196 | Vaults:5 | Identified the +0 cloak "Zeblos" {rPois rCorr Int+4}
 66218 | Vaults:5 | Noticed a dread lich
 66221 | Vaults:5 | Killed a dread lich
 66546 | Vaults:5 | Got a silver rune of Zot
 68452 | Depths:2 | Reached skill level 21 in Conjurations
 69386 | Depths:2 | Upgraded the game from 0.30-a0-475-g03497ec522 to
                  | 0.30-a0-509-gd016549fea
 69589 | Hell     | Killed Geryon
 69853 | Hell     | Found a gateway to the freezing wastes of Cocytus.
 70093 | Hell     | Found a gateway to the Iron City of Dis.
 70144 | Hell     | Gained mutation: You occasionally lose the ability to drink
                  | potions when taking damage. [mutagenic glow]
 70148 | Hell     | Found a gateway to the ashen valley of Gehenna.
 70161 | Hell     | Gained mutation: Your body sometimes deteriorates upon
                  | taking damage. [mutagenic glow]
 70202 | Hell     | Found a gateway to the decaying netherworld of Tartarus.
 70642 | Depths:4 | Lost mutation: You occasionally lose the ability to drink
                  | potions when taking damage. [potion of mutation]
 70642 | Depths:4 | Lost mutation: You are agile. (Dex +4, Str/Int -1) [potion
                  | of mutation]
 70642 | Depths:4 | Gained mutation: You expend magic power (3 MP) to
                  | strengthen your wands. [potion of mutation]
 70642 | Depths:4 | Gained mutation: Your system is resistant to poisons.
                  | (rPois) [potion of mutation]
 70642 | Depths:4 | Gained mutation: Your spells are a little harder to cast,
                  | but a little more powerful. [potion of mutation]
 70643 | Depths:4 | Lost mutation: You expend magic power (3 MP) to strengthen
                  | your wands. [potion of mutation]
 70643 | Depths:4 | Lost mutation: Your system is resistant to poisons. (rPois)
                  | [potion of mutation]
 70643 | Depths:4 | Lost mutation: Your body sometimes deteriorates upon taking
                  | damage. [potion of mutation]
 70643 | Depths:4 | Gained mutation: You have large cloven feet. [potion of
                  | mutation]
 70643 | Depths:4 | Lost mutation: Your flesh is cold resistant. (rC+) [potion
                  | of mutation]
 70692 | Zot:1    | Entered Level 1 of the Realm of Zot
 70747 | Zot:1    | Reached skill level 1 in Necromancy
 71534 | Zot:1    | Reached skill level 15 in Fighting
 71601 | Zot:1    | Reached XP level 25. HP: 199/207 MP: 11/43
 71892 | Zot:1    | Reached skill level 10 in Short Blades
 72911 | Zot:2    | Identified the +2 cloak of Coitisot {rElec rC+ Str-5
                  | Stlth+}
 72945 | Zot:2    | Identified the +7 arbalest of Lump {drain, rC- Str+6 Dex+3}
 73167 | Zot:2    | Reached skill level 5 in Necromancy
 74777 | Zot:4    | Found a transporter.
 74808 | Zot:4    | Found a transporter.
 75347 | Zot:4    | Reached skill level 22 in Conjurations
 76219 | Zot:5    | Entered Level 5 of the Realm of Zot
 77242 | Slime:1  | Entered Level 1 of the Pits of Slime
 77242 | Slime:1  | Found a viscous altar of Jiyva.
 77332 | Slime:1  | Gained mutation: Potions are less effective at restoring
                  | your health. [a shining eye]
 77353 | Slime:1  | Lost mutation: Your spells are a little harder to cast, but
                  | a little more powerful. [a shining eye]
 78051 | Slime:2  | Reached XP level 26. HP: 210/219 MP: 41/43
 78059 | Slime:2  | Learned a level 6 spell: Starburst
 78429 | Slime:5  | Entered Level 5 of the Pits of Slime
 78939 | Slime:5  | Noticed the Royal Jelly
 78951 | Slime:5  | Killed the Royal Jelly
 79243 | Slime:5  | Found the +12 glaive of Prune {vorpal}
 79343 | Slime:5  | Acquired the ring "Weuvuagu" {*Slow EV+4 Str+2 Int+3}
 79389 | Slime:5  | Got the Meditations on Beckoning and Damage Dealing
 79391 | Slime:5  | Got a slimy rune of Zot
 79394 | Slime:5  | Identified the +1 morningstar "Ogreslayer" {vorpal, Int+4}
 79903 | Orc:2    | Bought a manual of Stealth for 1040 gold pieces
 80552 | Zot:5    | Noticed an ancient lich
 80552 | Zot:5    | Noticed a dread lich
 80807 | Zot:5    | Killed a dread lich
 80994 | Zot:5    | Noticed a dread lich
 80997 | Zot:5    | Killed a dread lich
 81039 | Zot:5    | Noticed a dread lich
 81042 | Zot:5    | Killed a dread lich
 81050 | Zot:5    | Killed an ancient lich
 81313 | Zot:5    | Noticed an orb of fire
 81314 | Zot:5    | Gained mutation: You are dopey. (Int -2) [an orb of fire]
 81319 | Zot:5    | Noticed an orb of fire
 81319 | Zot:5    | Noticed a dread lich
 81320 | Zot:5    | Gained mutation: You are very vulnerable to heat. (rF--)
                  | [an orb of fire]
 81321 | Zot:5    | Gained mutation: You occasionally lose the ability to drink
                  | potions when taking damage. [an orb of fire]
 81322 | Zot:5    | Gained mutation: Your magical capacity is low. (-10% MP)
                  | [an orb of fire]
 81323 | Zot:5    | Killed an orb of fire
 81323 | Zot:5    | Noticed an ancient lich
 81328 | Zot:5    | Gained mutation: You have hidden genetic defects. [an orb
                  | of fire]
 81686 | Zot:4    | Lost mutation: Your magical capacity is low. (-10% MP)
                  | [potion of mutation]
 81686 | Zot:4    | Lost mutation: You are dopey. (Int -2) [potion of mutation]
 81686 | Zot:4    | Lost mutation: You have hidden genetic defects. [potion of
                  | mutation]
 81686 | Zot:4    | Gained mutation: Your flesh is cold resistant. (rC+)
                  | [potion of mutation]
 81686 | Zot:4    | Gained mutation: Your flesh is very cold resistant. (rC++)
                  | [potion of mutation]
 81687 | Zot:4    | Lost mutation: Potions are less effective at restoring your
                  | health. [potion of mutation]
 81687 | Zot:4    | Lost mutation: You are very vulnerable to heat. (rF--)
                  | [potion of mutation]
 81687 | Zot:4    | Gained mutation: You are strong-willed. (Will+) [potion of
                  | mutation]
 81687 | Zot:4    | Lost mutation: You are strong-willed. (Will+) [potion of
                  | mutation]
 81688 | Zot:4    | Lost mutation: Your flesh is very cold resistant. (rC++)
                  | [potion of mutation]
 81688 | Zot:4    | Lost mutation: Your flesh is cold resistant. (rC+) [potion
                  | of mutation]
 81688 | Zot:4    | Lost mutation: You occasionally lose the ability to drink
                  | potions when taking damage. [potion of mutation]
 81688 | Zot:4    | Gained mutation: You have sharp fingernails. [potion of
                  | mutation]
 81746 | Zot:5    | Killed a dread lich
 81748 | Zot:5    | a Killer Klown changed into a juggernaut
 81748 | Zot:5    | Noticed a juggernaut
 81750 | Zot:5    | Paralysed by a Zot trap for 4 turns
 81756 | Zot:5    | Gained mutation: You occasionally lose the ability to drink
                  | potions when taking damage. [an orb of fire]
 81758 | Zot:5    | Killed an orb of fire
 81763 | Zot:5    | Killed a juggernaut
 81770 | Zot:5    | Killed an ancient lich
 81819 | Zot:5    | Lost mutation: You occasionally lose the ability to drink
                  | potions when taking damage. [potion of mutation]
 81819 | Zot:5    | Lost mutation: You are vulnerable to heat. (rF-) [potion of
                  | mutation]
 81819 | Zot:5    | Gained mutation: Your muscles are strong. (Str +4, Int/Dex
                  | -1) [potion of mutation]
 81819 | Zot:5    | Gained mutation: Your mind is acute. (Int +4, Str/Dex -1)
                  | [potion of mutation]
 81819 | Zot:5    | Gained mutation: Your muscles are very strong. (Str +8,
                  | Int/Dex -2) [potion of mutation]
 83146 | Lair:4   | Killed logorrheac's ghost
 83264 | Lair:4   | Learned a level 8 spell: Ignition
 83727 | Zot:5    | Noticed an orb of fire
 83734 | Zot:5    | Gained mutation: Your body sometimes deteriorates upon
                  | taking damage. [an orb of fire]
 83735 | Zot:5    | Killed an orb of fire
 83736 | Zot:5    | Gained mutation: A meltable icy envelope protects you from
                  | harm. (AC +8) [demonic ancestry]
 83736 | Zot:5    | Reached XP level 27. HP: 225/225 MP: 33/45
 83765 | Zot:5    | Noticed an ancient lich
 83771 | Zot:5    | Killed an ancient lich
 84859 | Zig:1    | Entered Level 1 of a ziggurat
 84880 | Zig:2    | Entered Level 2 of a ziggurat
 84919 | Zig:3    | Entered Level 3 of a ziggurat
 84953 | Zig:4    | Entered Level 4 of a ziggurat
 84957 | Zig:4    | Noticed an ancient lich
 84965 | Zig:4    | Killed an ancient lich
 84966 | Zig:4    | Reached skill level 15 in Fire Magic
 84990 | Zig:5    | Entered Level 5 of a ziggurat
 84995 | Zig:5    | Noticed an orb of fire
 84999 | Zig:5    | Killed an orb of fire
 85045 | Zig:6    | Entered Level 6 of a ziggurat
 85093 | Zig:7    | Entered Level 7 of a ziggurat
 85145 | Zig:8    | Entered Level 8 of a ziggurat
 85152 | Zig:8    | Noticed a dread lich
 85154 | Zig:8    | Noticed an ancient lich
 85159 | Zig:8    | Killed a dread lich
 85162 | Zig:8    | Killed an ancient lich
 85170 | Zig:8    | Identified the amulet "Dalaluth" {*Corrode +Inv Regen+
                  | Dex+8}
 85183 | Zig:8    | Identified the +1 plate armour "Plog" {Harm Str+3}
 85269 | Zig:9    | Entered Level 9 of a ziggurat
 85574 | Zig:9    | Identified the +5 mace of the Crushed Xenops {flame, rElec
                  | rC- Int+6 SInv}
 85589 | Zig:10   | Entered Level 10 of a ziggurat
 85596 | Zig:10   | Found the +5 sword of Power {vorpal}
 85749 | Zig:10   | Identified the +10 scimitar "Grum" {speed, Str+2 Dex+7}
 85788 | Zig:11   | Entered Level 11 of a ziggurat
 85808 | Zig:11   | Identified the amulet of the Turtle {Reflect Int+2 Dex+4
                  | SH+5}
 85847 | Zig:12   | Entered Level 12 of a ziggurat
 85856 | Zig:12   | Noticed Gosch the pandemonium lord
 85856 | Zig:12   | Noticed Isoeph the pandemonium lord
 85857 | Zig:12   | Noticed Quprat the pandemonium lord
 85857 | Zig:12   | Noticed Zedus the pandemonium lord
 85858 | Zig:12   | Noticed Mivoexin the pandemonium lord
 85860 | Zig:12   | Killed Quprat the pandemonium lord
 85860 | Zig:12   | Killed Mivoexin the pandemonium lord
 85866 | Zig:12   | Killed Gosch the pandemonium lord
 85873 | Zig:12   | Killed Zedus the pandemonium lord
 85879 | Abyss:6  | Cast into level 6 of the Abyss (Isoeph)
 85921 | Abyss:6  | Found a huge runed translucent gate.
 86071 | Abyss:7  | Entered Level 7 of the Abyss
 86071 | Abyss:7  | Found a corrupted altar of Lugonu.
 86076 | Zig:12   | Escaped the Abyss
 86092 | Zig:12   | Killed Isoeph the pandemonium lord
 86170 | Zig:12   | Identified the +1 leather armour "Wosupol" {rC- Regen+
                  | Dex+2 Slay+5}
 86178 | Zig:12   | Identified the +6 great mace "Ogrebane" {vorpal, Contam
                  | Will+ Stlth+}
 86182 | Zig:12   | Identified the +3 long sword of the Past {vamp, rPois Str+3
                  | Dex+2}
 86196 | Zig:13   | Entered Level 13 of a ziggurat
 86205 | Zig:13   | Noticed Dittersdorf's ghost (legendary MiBe)
 86213 | Zig:13   | Reached skill level 5 in Long Blades
 86214 | Zig:13   | Noticed MrSquiggles's ghost (master OpGl)
 86217 | Zig:13   | Noticed p00ps00p's ghost (legendary HOFi)
 86231 | Zig:14   | Entered Level 14 of a ziggurat
 86783 | Zig:14   | Paralysed by accursed screaming for 2 turns
 87059 | Zig:14   | Reached skill level 10 in Necromancy
 87397 | Zig:14   | Paralysed by accursed screaming for 1 turns
 87672 | Zig:14   | Identified the amulet "Ixusm" {Regen+ SInv}
 87682 | Zig:14   | Identified the +5 scimitar of Dithmenos {freeze, Int+2}
 87686 | Zig:14   | Identified the +1 mace "Kaorostro" {flame, Int+4 Dex+4}
 87715 | Zig:15   | Entered Level 15 of a ziggurat
 87743 | Zig:15   | Identified the ring of Loaceben {EV+4 Stlth+}
 87745 | Zig:15   | Identified the +2 sling "Faafyju" {speed, Dex+3}
 87748 | Zig:16   | Entered Level 16 of a ziggurat
 88086 | Zig:16   | Identified the amulet "Nugudd" {Acrobat Fragile rC++ Will+
                  | Dex+4}
 88097 | Zig:16   | Identified the +6 longbow "Rautemi" {flame, Dex+3 Stlth+}
 88118 | Zig:17   | Entered Level 17 of a ziggurat
 88152 | Zig:17   | Identified the +7 battleaxe of Departure {vorpal, rF+ rCorr
                  | Int-2}
 88158 | Zig:17   | Identified the +6 short sword of the Equinox {venom, Int+7
                  | Dex+4}
 88172 | Zig:17   | Identified the +2 robe of the Zebra {rElec Str-5 Int+2}
 88189 | Zig:18   | Entered Level 18 of a ziggurat
 88242 | Zig:18   | Identified the +10 lajatang of Sagaov {protect, Int+4}
 88248 | Zig:18   | Identified the +3 sling "Kolliora" {drain, rPois Str+2
                  | Stlth-}
 88250 | Zig:18   | Identified the ring of Nemicao {Fly rF++ Will+ rCorr EV+4
                  | Slay-3}
 88252 | Zig:18   | Identified the +9 shortbow "Plog" {drain, Str-5 Int+4
                  | Dex+4}
 88261 | Zig:19   | Entered Level 19 of a ziggurat
 88308 | Zig:19   | Noticed Ugibawec the pandemonium lord
 88309 | Zig:19   | Found the amulet of the Air {Inacc Air Fly rElec RMsl}
 88312 | Zig:19   | Identified the ring of Leaves {rF++ Int+6 Dex+2}
 88314 | Zig:19   | Identified the ring of the Country {Will+ Str+6}
 88319 | Zig:19   | Identified the +4 ring mail of Mic Wono {rElec rF- rCorr
                  | Stlth+}
 88321 | Zig:20   | Entered Level 20 of a ziggurat
 88357 | Zig:20   | Identified the ring of the Genius {rPois EV+4 Str+2}
 88367 | Depths:2 | Lost mutation: Your mind is acute. (Int +4, Str/Dex -1)
                  | [mutagenic glow]
 89037 | Zot:5    | Got the Orb of Zot
 89072 | Zot:5    | Noticed Niss the pandemonium lord
 89084 | Zot:5    | Killed Niss the pandemonium lord
 89509 | D:9      | Reached skill level 15 in Dodging
 89621 | D:4      | Noticed Josetath the pandemonium lord
 89636 | D:4      | Killed Josetath the pandemonium lord
 89700 | D:2      | Noticed Mulladdu the pandemonium lord
 89713 | D:2      | Killed Mulladdu the pandemonium lord
 89754 | D:$      | Escaped with the Orb!

Illustrated notes

Levels and vault maps discovered:
D:1:      dpeg_arrival_pits, layout_rooms, serial_shops,
          nicolae_shop_bloodbath_and_beyond,
          shapermc_ecumenical_altar_totnotflames, serial_forest,
          infiniplex_forest_straight_5, infiniplex_forest_lined_room_2,
          infiniplex_forest_join, infiniplex_forest_lined_ring,
          infiniplex_forest_lined_room_, infiniplex_forest_lined_room_2,
          infiniplex_forest_zigzag_1, infiniplex_forest_pool, hex_tiny,
          serial_bayou_pond_a, corexii_item_surrounded_by_moat
D:2:      layout_basic, hangedman_glass_teeth
D:3:      layout_loops_cross, uniq_grinder, uniq_ijyb
D:4:      layout_basic
D:5:      layout_basic, uniq_edmund, uniq_sigmund, uniq_menkaure
D:6:      layout_loops_ring, grunt_temple_overflow_open, temple_statues,
          serial_shops, shop, fountainhead, st_stairs_3,
          kennysheep_generic_room_11
D:7:      layout_basic, serial_shops, nicolae_lakefront_shop,
          gammafunk_ghost_grave, kennysheep_generic_room_12
D:8:      layout_rooms, mainiacjoe_overflow_catwalk_spiral, uniq_maggie,
          uniq_maurice
D:9:      layout_small_grid, enter_bailey_4, moated_statue
D:10:     minmay_distorted_concentric_squares, layout_loops_corners,
          serial_shops, nicolae_square_shop, kennysheep_little_box,
          serial_bayou_pond_d, kennysheep_donut, onia_ninara_cookie,
          uniq_josephine
D:11:     layout_cross, serial_shops, shop_statue
D:12:     layout_basic, kennysheep_orc_monster_closet_entryway,
          serial_corexii_hall, corexii_hall_statues_x, corexii_hall_statues_l,
          corexii_hall_statues_l, uniq_rupert
D:13:     layout_basic, david_vaults_3
D:14:     layout_loops_cross, chequers_serial_rivers_micro_a, serial_glass,
          glass_columns_a, glass_columns_a, glass_columns_a, glass_columns_a,
          due_unseen_surprise, minmay_strange_pillars, item_on_display_a,
          minmay_strange_pillars, nicolae_diode_basic
D:15:     grunt_enter_depths_snipers, layout_basic, minmay_misc_feat_iff,
          portal_ice_cave_entry_pillars_2
Temple:   eino_temple_water
Lair:1:   layout_hall_layers, st_stairs_11, beast_lair_carwin_1
Lair:2:   layout_misc_corridors, skrybe_swamp_entry_bodies,
          minmay_snake_entry_guardpost_small, special_room [special_room_bee],
          infiniplex_staircase_pool, lemuel_fruit_tree
Lair:3:   layout_concentric_octagons, gauntlet_entry_generic, st_stairs_10,
          minmay_stone_trees_small
Lair:4:   layout_roguey, gammafunk_ghost_ooze, st_stairs_8, kennysheep_rathole
Lair:5:   hangedman_lair_caniforms_friends, layout_cave_pods,
          guppyfry_lair_end_dragon, minmay_slime_entry_oklob_enclosed,
          grunt_megastairs_5
Swamp:1:  nicolae_swamp_ascending_descending, layout_basic_swamp,
          nicolae_swamp_oxbows, uniq_nikola
Swamp:2:  layout_basic_swamp, evilmike_swamp_ruin_house_5
Swamp:3:  layout_basic_swamp, hangedman_swamp_ruin_wall
Swamp:4:  swamp_icy, layout_basic_swamp
Snake:1:  cheibrodos_snake_ritualist_ritual, layout_layer_cave, serial_shops,
          shop_scrolls, evilmike_ambush [evilmike_ambush_outer_doors,
          evilmike_ambush_inner_wall_1], minmay_shop_star
Snake:2:  layout_chambers, serial_shops, shop, st_stairs_11,
          hangedman_snake_thin_pillar_pass, uniq_agnes
Snake:3:  layout_layer_cave, gammafunk_ghost_arena
Snake:4:  minmay_snake_end_coiled, layout_onion_interference, serial_shops,
          shop_fountains, shop, grunt_ministairs_3,
          nicolae_snake_scaly_snakehead
Slime:1:  layout_caves, basic_altar, nicolae_slime_ancient_tower_intersection
Slime:2:  layout_caves
Slime:3:  layout_caves, nicolae_slime_phagocytosis
Slime:4:  layout_caves
Slime:5
Orc:1:    layout_diamond_mine, serial_shops, shop, lemuel_statue_altar,
          nicolae_orc_lost_temple
Orc:2:    kennysheep_orc_mage_school, layout_caves
Elf:1:    nicolae_elf_arrival_fired_up, layout_gridlike, minivault_28
Elf:2:    elven_hall_of_blades_hangedman_original [nicolae_blade_lattice],
          layout_onion_city
Elf:3:    minmay_elf_hall_dome, layout_loops_corners
Vaults:1: portal_desolation_entry_twin_temple, vaults_room_glass_cross,
          ontoclasm_vaults_fault, nicolae_vaults_network_s, v_pattern_5,
          v_misc_29, nicolae_vaults_puzzle_piece, v_alt_pattern_3,
          nicolae_vaults_theta, nicolae_vaults_inception_scallops,
          v_alt_pattern_5, v_misc_29, nicolae_vaults_circle_grid_a,
          layout_vaults_maze, serial_shops, shop_fountains, shop
Vaults:2: mu_enter_wizlab_1, v_misc_14, nicolae_vaults_circle_grid_a,
          ontoclasm_vaults_loading_screen, nicolae_vaults_big_ls,
          ontoclasm_vaults_idyll, nicolae_vaults_network_star,
          layout_vaults_omnigrid
Vaults:3: nicolae_vaults_little_squares_3, nicolae_vaults_border_crossing,
          vaults_standard_mumra_lines, grunt_vaults_funnel,
          blue_anna_dwarven_crypt, nicolae_vaults_little_squares_3,
          nicolae_vaults_network_square, ontoclasm_vaults_shuriken,
          vaults_room_door_ring, layout_vaults_omnibox, serial_glass
Vaults:4: nicolae_vaults_murderbox, hangedman_vaults_snaps,
          nicolae_vaults_ninety_degrees, hangedman_vaults_trim,
          vaults_room_grid, v_alt_pattern_6, vaults_mumra_lcd,
          grunt_vaults_focal, v_misc_3, nicolae_vaults_little_squares_2,
          vaults_room_grunt_arrival_ludios, nicolae_vaults_little_ls,
          layout_vaults_omnicross
Vaults:5
Crypt:1:  cheibrodos_crypt_draghalla, layout_rooms, st_stairs_4,
          minmay_misc_feat_cross, minivault_23, st_chilly_death, uniq_sojobo
Depths:1: layout_cave_pools, hellmouth_1, nicolae_two_hexagons,
          fedhas_altar_fruit_tree, serial_bayou_shore_a
Depths:2: nicolae_BIG_FREAKIN_CUBE, layout_basic, enter_ziggurat_d,
          serial_corexii_hall, corexii_hall_statues_l, corexii_hall_statues_s,
          chequers_hall_statues_y, chequers_hall_statues_corner_a,
          grunt_hell_entry_dis_mu, abyss_entry_flame_altar,
          rand_demon_pan_entry_8, serial_sigils_hangedman_quiver,
          uniq_bai_suzhen
Depths:3: evilmike_hourglass, layout_gridlike, abyss_entry_glasseish,
          hell_entry, minmay_shop_grove, uniq_josephina, uniq_vv, uniq_grunn
Depths:4: evilmike_zot_entry_round, layout_gridlike, hell_entry,
          serial_sigils_hangedman_snap, nicolae_wwwww
Hell
Zot:1:    layout_twisted_circle, skrybe_zot_glass_2, grunt_megastairs_1
Zot:2:    layout_cathedral_of_symmetry
Zot:3:    layout_gridlike
Zot:4:    gammafunk_sealed_arena, layout_twisted_circle,
          hangedman_snake_sidewinding
Zot:5:    layout_misc_corridors, grunt_ministairs_3

Skill      XL: |  1  2  3  4  5  6  7  8  9 10 11 12 13 14 15 16 17 18 19 20 21 22 23 24 25 26 27 |
---------------+----------------------------------------------------------------------------------+-----
Spellcasting   | 3 5 6 8 10 11 12 13 14 15 16 18 19 | 19.9
Conjurations   | 5 6 7 8 10 11 12 13 14 15 16 17 18 19 20 21 22 | 22.3
Fighting       | 2 3 4 6 7 8 10 11 12 13 15 16 17 | 17.6
Hexes          | 1 3 4 6 |  6.0
Earth Magic    | 4 5 7 8 9 11 12 13 14 | 14.1
Short Blades   | 3 4 5 7 8 9 12 14 | 14.0
Poison Magic   | 4 6 8 |  8.0
Stealth        | 4 6 8 9 10 12 | 12.2
Dodging        | 2 5 7 9 10 11 12 15 | 15.4
Shields        | 1 5 6 8 10 11 12 | 12.1
Evocations     | 4 6 9 10 | 10.4
Summonings     | 5 7 8 9 10 | 10.3
Ice Magic      | 3 6 |  6.6
Fire Magic     | 2 6 9 10 13 17 | 17.7
Armour         | 8 10 11 | 11.1
Necromancy     | 3 7 10 | 10.2
Long Blades    | 9 |  9.8
Transmutations | 3 |  3.1

Action                   |  1- 3 |  4- 6 |  7- 9 | 10-12 | 13-15 | 16-18 | 19-21 | 22-24 | 25-27 || total
-------------------------+-------+-------+-------+-------+-------+-------+-------+-------+-------++-------
Melee: Dagger            |    11 |       |       |       |       |       |       |       |       ||    11
       Unarmed           |     1 |       |       |       |       |       |       |       |       ||     1
       Rapier            |    12 |    59 |   138 |   360 |   400 |   703 |   542 |   737 |   510 ||  3461
       Punch             |       |     2 |     2 |     7 |     4 |       |       |       |       ||    15
       Long sword        |       |       |       |       |       |       |    12 |       |       ||    12
       Staff             |       |       |       |       |       |       |    12 |       |       ||    12
       Scimitar          |       |       |       |       |       |       |       |       |   139 ||   139
 Cast: Magic Dart        |    60 |    60 |    12 |    15 |       |     3 |       |       |       ||   150
       Searing Ray       |     1 |     4 |    17 |    12 |     2 |       |       |       |       ||    36
       Fulminant Prism   |       |     3 |    43 |   110 |    21 |    19 |     6 |       |     9 ||   211
       Olgreb's Toxic Ra |       |       |       |    59 |   104 |    38 |    93 |    72 |    26 ||   392
       Ignite Poison     |       |       |       |    52 |   105 |    71 |   102 |   100 |    57 ||   487
       Iron Shot         |       |       |       |    12 |   140 |   353 |   167 |   276 |   419 ||  1367
       Lee's Rapid Decon |       |       |       |       |    22 |    91 |    30 |    11 |       ||   154
       Irradiate         |       |       |       |       |     5 |    32 |    29 |    32 |    37 ||   135
       Ozocubu's Armour  |       |       |       |       |       |    16 |     6 |    10 |    19 ||    51
       Spellforged Servi |       |       |       |       |       |     7 |    41 |    41 |    92 ||   181
       Lehudib's Crystal |       |       |       |       |       |       |     3 |    26 |    22 ||    51
       Borgnjor's Vile C |       |       |       |       |       |       |       |    58 |    89 ||   147
       Starburst         |       |       |       |       |       |       |       |       |    15 ||    15
       Ignition          |       |       |       |       |       |       |       |       |    46 ||    46
       Apportation       |       |       |       |       |       |       |       |       |     2 ||     2
 Abil: Hurl Damnation    |       |       |       |       |       |       |       |     2 |       ||     2
Evoke: Wand              |       |       |     7 |    18 |    12 |    49 |     3 |     8 |    19 ||   116
       Lightning rod     |       |       |       |       |     5 |     3 |       |    15 |     4 ||    27
       Tin of tremorston |       |       |       |       |     4 |     2 |       |     3 |     6 ||    15
       Phial of floods   |       |       |       |       |     1 |     1 |       |       |     1 ||     3
       Condenser vane    |       |       |       |       |       |       |       |       |     5 ||     5
       Phantom mirror    |       |       |       |       |       |       |       |       |     2 ||     2
  Use: Potion            |       |     2 |     2 |     7 |     5 |     6 |     3 |     6 |    53 ||    84
       Scroll            |       |     1 |    10 |    18 |    23 |     5 |    12 |    16 |    33 ||   118
 Stab: Sleeping          |       |     3 |       |     4 |    10 |     9 |     9 |    10 |     6 ||    51
       Distracted        |       |       |     1 |       |     2 |     6 |     4 |     6 |    10 ||    29
       Petrified         |       |       |       |       |     2 |       |       |       |       ||     2
       Invisible         |       |       |       |       |       |       |    13 |    12 |     6 ||    31
Armor: Robe              |     7 |    11 |    38 |       |     7 |   267 |   160 |   259 |   181 ||   930
       Leather armour    |       |       |    16 |   238 |   281 |       |       |       |       ||   535
       Animal skin       |       |       |       |       |    24 |    58 |       |       |       ||    82
       Fire dragon scale |       |       |       |       |       |       |       |       |     9 ||     9
Dodge: Dodged            |    18 |    32 |   100 |   273 |   320 |   377 |   400 |   689 |   607 ||  2816
Block: Other             |     4 |    11 |    28 |    84 |    29 |       |       |       |       ||   156
       Buckler           |       |       |       |       |   216 |   620 |   470 |   337 |       ||  1643
       Reflection        |       |       |       |       |       |    84 |    25 |    57 |    12 ||   178
       Kite shield       |       |       |       |       |       |       |       |   767 |  1171 ||  1938

Table legend: (Time is in decaauts)
 A = Elapsed time spent in this place.
 B = Non-inter-level travel time spent in this place.
 C = Inter-level travel time spent in this place.
 D = Time resting spent in this place.
 E = Time spent auto-exploring this place.
 F = Levels seen in this place.
 G = Mean time per level.
                   A        B        C        D        E       F      G
               +--------+--------+--------+--------+--------+-----+--------+
         Total |  89653 |  81353 |   8300 |  15670 |  44012 |  82 | 1093.3 |
       Dungeon |  19844 |  16761 |   3083 |   1408 |  11868 |  15 | 1322.9 |
        Temple |    225 |    208 |     17 |      0 |    192 |   1 |  225.0 |
          Lair |   9516 |   8575 |    941 |   1351 |   5572 |   5 | 1903.2 |
         Swamp |   4524 |   4375 |    149 |   1069 |   2186 |   4 | 1131.0 |
     Snake Pit |   8445 |   8271 |    174 |   1805 |   4489 |   4 | 2111.2 |
    Slime Pits |   2363 |   2237 |    126 |    803 |    432 |   5 |  472.6 |
  Orcish Mines |   1613 |   1127 |    486 |    104 |    646 |   2 |  806.5 |
   Elven Halls |   3795 |   3397 |    398 |    216 |   2206 |   3 | 1265.0 |
        Vaults |   9136 |   8362 |    774 |    772 |   5425 |   5 | 1827.2 |
         Crypt |     16 |     16 |      0 |      0 |      0 |   1 |   16.0 |
        Depths |  11520 |  10310 |   1210 |   3238 |   4777 |   4 | 2880.0 |
          Hell |   1113 |   1097 |     16 |    127 |    560 |   1 | 1113.0 |
           Zot |   9329 |   8407 |    922 |   1646 |   4430 |   5 | 1865.8 |
         Abyss |    195 |    195 |      0 |     39 |      0 |   2 |   97.5 |
      Ziggurat |   3253 |   3253 |      0 |   1888 |     11 |  20 |  162.6 |
        Bailey |    661 |    661 |      0 |     37 |    147 |   1 |  661.0 |
      Ice Cave |   1084 |   1084 |      0 |    121 |    550 |   1 | 1084.0 |
        Wizlab |   1345 |   1345 |      0 |    762 |    130 |   1 | 1345.0 |
    Desolation |   1077 |   1077 |      0 |    150 |    374 |   1 | 1077.0 |
      Gauntlet |    591 |    591 |      0 |    131 |     14 |   1 |  591.0 |
               +--------+--------+--------+--------+--------+-----+--------+

Top non-repeatable levels by time:
Depths:2: 5077 daAuts
  Lair:5: 3443 daAuts
Depths:4: 2669 daAuts
Depths:3: 2648 daAuts
   Zot:5: 2573 daAuts
 Snake:4: 2533 daAuts
   Zot:4: 2260 daAuts
    D:10: 2245 daAuts
  Lair:2: 2233 daAuts
 Snake:2: 2222 daAuts
    D:15: 2098 daAuts
Vaults:5: 2062 daAuts
 Snake:3: 2041 daAuts
    D:12: 2035 daAuts
Vaults:3: 1952 daAuts
